 Dungeon Crawl Stone Soup version 0.29.1-2-gbd0b4ee654 (webtiles) character file.

Game seed: 8692040921184706721

4195 Hadkhar the Blocker (level 10, -3/123 HPs)
             Began as a Formicid Fighter on Nov 13, 2022.
             Was an Initiate of Qazlal.
             Slain by a skeletal warrior
             ... wielding a +0 war axe
              (13 damage)
             ... on level 6 of the Dungeon.
             The game lasted 00:38:34 (10083 turns).

Hadkhar the Blocker (Formicid Fighter)             Turns: 10083, Time: 00:38:34

Health: -3/123     AC: 25    Str: 31    XL:     10   Next: 54%
Magic:  10/10      EV:  2    Int:  8    God:    Qazlal [......]
Gold:   274        SH:  6    Dex: 13    Spells: 9/9 levels left

rFire   . . .      SeeInvis .   D - +2 mace (drain)
rCold   . . .      Faith    .   c - +0 buckler
rNeg    . . .      Spirit   .   (body armour currently unavailable)
rPois   +          Reflect  .   (helmet unavailable)
rElec   .          Harm     .   (cloak currently unavailable)
rCorr   .          Rampage  .   (gloves currently unavailable)
Will    +....                   (boots currently unavailable)
Stlth   +.........              (no amulet)
HPRegen 0.30/turn               g - +6 ring of strength
MPRegen 0.12/turn               (no ring)

@: tree-form, invisible
A: stationary, stasis, torment immunity, boosted hp, permanent stasis, dig
shafts and tunnels, (antennae 3), four strong arms
a: Renounce Religion


You were on level 6 of the Dungeon.
You worshipped Qazlal.
Qazlal was noncommittal.
You were a tree.
You visited 2 branches of the dungeon, and saw 8 of its levels.

You collected 300 gold pieces.
You spent 26 gold pieces at shops.

Inventory:

Hand Weapons
 a - a +0 war axe
 D - a +2 mace of draining (weapon)
Missiles
 b - a curare-tipped dart
 o - 2 throwing nets
 s - 16 poisoned darts (quivered)
 H - 2 atropa-tipped darts
Armour
 c - a +0 buckler (worn)
 l - a +2 pair of gloves (melded)
 G - a +0 chain mail (melded)
Jewellery
 g - a +6 ring of strength (left branch)
 j - a ring of fire
 y - a ring of ice
 E - an amulet of faith
Wands
 u - a wand of flame (31)
 x - a wand of charming (5)
Scrolls
 d - 2 scrolls of magic mapping {unknown}
 e - a scroll of blinking {unknown}
 i - a scroll of silence {unknown}
 n - 3 scrolls of enchant weapon {unknown}
 q - 2 scrolls of summoning
 r - a scroll of torment {unknown}
 w - 2 scrolls of poison {unknown}
 z - 2 scrolls of vulnerability {unknown}
 F - 2 scrolls of noise {unknown}
Potions
 f - a potion of cancellation {unknown}
 h - 4 potions of mutation
 k - 2 potions of flight
 m - a potion of heal wounds {unknown}
 t - a potion of lignification
 v - a potion of degeneration {unknown}
 A - 2 potions of attraction
 B - 2 potions of magic


   Skills:
 + Level 8.7 Fighting
 - Level 6.9(7.2) Axes
 + Level 3.0(5.3) Maces & Flails
 + Level 8.7 Armour
 + Level 10.4 Shields


You had 9 spell levels left.
You didn't know any spells.
Your spell library contained the following spells:

 Spells                   Type           Power      Damage    Failure   Level
 Summon Small Mammal      Summ           0%         N/A       45%         1
 Call Canine Familiar     Summ           0%         N/A       83%         3
 Lesser Beckoning         Tloc           0%         N/A       83%         3
 Summon Guardian Golem    Hex/Summ       0%         N/A       83%         3
 Freezing Cloud           Conj/Ice/Air   0%         6-21      100%        5
 Manifold Assault         Tloc           0%         N/A       100%        5
 Simulacrum               Ice/Necr       0%         N/A       100%        6
 Polar Vortex             Ice            0%         N/A       100%        9
 Blink                    Tloc           Unusable   N/A       N/A         2

Dungeon Overview and Level Annotations

Branches:
Dungeon (7/15)             Temple (1/1) D:6

Altars:
Cheibriados
Elyvilon
Fedhas
Gozag
Hepliaklqana
Kikubaaqudgha
Makhleb
Nemelex Xobeh
Okawaru
Qazlal
Ru
Sif Muna
Uskayaw
Wu Jian
Xom
Yredelemnul
Zin
The Shining One

Shops:
D:3 ?   D:7 (


Innate Abilities, Weirdness & Mutations

You are a tree.
Your roots penetrate the ground, keeping you stationary.
You cannot be teleported.
You are immune to unholy pain and torment.
Your maximum health is greatly increased.
Your equipment is partially melded.
You cannot be hasted, slowed, berserked, paralysed or teleported.
You can dig through walls and to a lower floor.
((You have a pair of large antennae on your head. (SInv)))
Your four strong arms can wield two-handed weapons with a shield.


Message History

You block the skeletal warrior's attack.
Aiming: Throw Flame
Press: ? - help, Q - select action, (/) - cycle Shift-Dir - straight line, f/p - skeletal warrior
Aim: a skeletal warrior, wielding a +0 war axe (severely damaged, unable to see you, 68% to hit)
The puff of flame hits the skeletal warrior but does no damage.
The skeletal warrior is severely damaged.
You block the skeletal warrior's attack.
Aiming: Throw Flame
Press: ? - help, Q - select action, (/) - cycle Shift-Dir - straight line, f/p - skeletal warrior
Aim: a skeletal warrior, wielding a +0 war axe (severely damaged, unable to see you, 68% to hit)
The puff of flame hits the skeletal warrior.
The skeletal warrior is severely damaged.
The skeletal warrior barely misses you.
Aiming: Throw Flame
Press: ? - help, Q - select action, (/) - cycle Shift-Dir - straight line, f/p - skeletal warrior
Aim: a skeletal warrior, wielding a +0 war axe (severely damaged, unable to see you, 68% to hit)
The puff of flame hits the skeletal warrior.
The skeletal warrior is severely damaged.
The skeletal warrior hits you with a +0 war axe.
* * * LOW HITPOINT WARNING * * *
Aiming: Throw Flame
Press: ? - help, Q - select action, (/) - cycle Shift-Dir - straight line, f/p - skeletal warrior
Aim: a skeletal warrior, wielding a +0 war axe (severely damaged, unable to see you, 68% to hit)
The puff of flame hits the skeletal warrior but does no damage.
The skeletal warrior is severely damaged.
You block the skeletal warrior's attack.
Aiming: Throw Flame
Press: ? - help, Q - select action, (/) - cycle Shift-Dir - straight line, f/p - skeletal warrior
Aim: a skeletal warrior, wielding a +0 war axe (severely damaged, unable to see you, 68% to hit)
The puff of flame hits the skeletal warrior but does no damage.
The skeletal warrior is severely damaged.
The skeletal warrior hits you with a +0 war axe.
* * * LOW HITPOINT WARNING * * *
Aiming: Throw Flame
Press: ? - help, Q - select action, (/) - cycle Shift-Dir - straight line, f/p - skeletal warrior
Aim: a skeletal warrior, wielding a +0 war axe (severely damaged, unable to see you, 68% to hit)
The puff of flame hits the skeletal warrior but does no damage.
The skeletal warrior is severely damaged.
The skeletal warrior hits you with a +0 war axe!
You die...

#.....†.# #####...# #.#
#######†#
#.......########.#### #.##
#.....#.)....##......
#..##
#.....######.##......
##..###.....# #.##......
##.........######..#......
####.....................
##.....z................
#......♣................
#.......................
#.>.)...................
#.÷.....................
#...................<...
#.............(.........
#.......................
#.####..#...............
#.####).####..##........


You could see a skeletal warrior (unable to see you).

Vanquished Creatures
  A deep elf pyromancer (D:7)
  Pikel (D:7)
  Joseph (D:7)
  Grinder (D:4)
  A water moccasin (D:6)
  5 ogres
  4 ice beasts
  3 sky beasts
  A centaur (D:7)
  A phantom (D:5)
  A kobold brigand (D:7)
  2 scorpions
  3 necrophages
  3 bullfrogs (D:6)
  A gnoll sergeant (D:5)
  A howler monkey (D:5)
  4 hounds
  2 gnoll boudas (D:5)
  4 orc priests
  A jelly (D:6)
  4 orc wizards
  2 iguanas
  10 gnolls (D:5)
  3 river rats (D:3)
  14 adders
  2 shadow imps
  A white imp (D:6)
  5 worms
  4 dart slugs
  8 orcs
  8 ball pythons
  6 endoplasms
  2 giant cockroaches (D:1)
  A goblin (D:1)
  3 hobgoblins
  4 jackals
  10 kobolds
  5 quokkas
  5 bats
  6 frilled lizards
  6 rats
150 creatures vanquished.

Vanquished Creatures (others)
  2 plants (D:6)
2 creatures vanquished.

Grand Total: 152 creatures vanquished

Notes
Turn   | Place    | Note
-------+----------+-------------------------------------------
     0 | D:1      | Hadkhar the Formicid Fighter began the quest for the Orb.
     0 | D:1      | Reached XP level 1. HP: 18/18 MP: 1/1
    91 | D:1      | Noticed a great orb of eyes
   147 | D:1      | Found a faded altar of an unknown god.
   150 | D:1      | Noticed a floating eye
   150 | D:1      | Noticed an eye of devastation
   150 | D:1      | Noticed a golden eye
   194 | D:1      | Reached XP level 2. HP: 24/24 MP: 2/2
   681 | D:1      | Reached XP level 3. HP: 29/29 MP: 3/3
  1530 | D:2      | Reached XP level 4. HP: 37/37 MP: 4/4
  1827 | D:3      | Found Roene's Magic Scroll Emporium.
  1844 | D:3      | Bought a scroll of identify for 26 gold pieces
  2098 | D:3      | Identified the +7 dagger of Dughe {vorpal, rN+ Str+2 Int-4}
  2403 | D:3      | Reached XP level 5. HP: 5/42 MP: 5/5
  2677 | D:3      | Reached skill level 5 in Shields
  3029 | D:3      | Found a hide-covered altar of Uskayaw.
  3313 | D:4      | Noticed an ogre
  3318 | D:4      | Killed an ogre
  3319 | D:4      | Reached XP level 6. HP: 42/49 MP: 6/6
  3675 | D:4      | Reached XP level 7. HP: 50/55 MP: 7/7
  3723 | D:4      | Noticed Grinder
  3744 | D:4      | Killed Grinder
  3745 | D:4      | Reached skill level 5 in Fighting
  3745 | D:4      | Reached skill level 5 in Armour
  3745 | D:4      | Reached skill level 6 in Shields
  3970 | D:4      | Found a burning altar of Makhleb.
  4355 | D:5      | Entered Level 5 of the Dungeon
  4611 | D:5      | Reached XP level 8. HP: 62/63 MP: 8/8
  4941 | D:5      | Reached skill level 7 in Shields
  4978 | D:5      | Reached skill level 5 in Axes
  5254 | D:5      | Found a blossoming altar of Fedhas.
  5370 | D:5      | HP: 1/64 [orc priest/divine providence (8)]
  6280 | D:6      | Reached XP level 9. HP: 71/71 MP: 9/9
  6298 | D:6      | Reached skill level 8 in Shields
  6831 | D:6      | Found a staircase to the Ecumenical Temple.
  6838 | Temple   | Entered the Ecumenical Temple
  7036 | Temple   | Became a worshipper of Qazlal Stormbringer
  7242 | D:6      | Reached skill level 9 in Shields
  7429 | D:6      | Found a shimmering altar of Xom.
  7514 | D:6      | Found an iron altar of Okawaru.
  7514 | D:6      | Found a basalt altar of Yredelemnul.
  7622 | D:7      | Noticed Pikel
  7630 | D:7      | Killed Pikel
  7631 | D:7      | Reached XP level 10. HP: 38/80 MP: 10/10
  7890 | D:7      | Noticed Joseph
  7911 | D:7      | Killed Joseph
  7912 | D:7      | Reached skill level 1 in Maces & Flails
  8551 | D:7      | Found a shimmering blue altar of Sif Muna.
  8741 | D:7      | Noticed a deep elf pyromancer
  8755 | D:7      | Killed a deep elf pyromancer
  8756 | D:7      | Reached skill level 10 in Shields
  9584 | D:7      | Noticed a skeletal warrior
  9584 | D:7      | Noticed a skeletal warrior
  9836 | D:7      | Found Duned's Weapon Boutique.
  9838 | D:7      | Noticed a boulder beetle
 10030 | D:7      | Noticed a skeletal warrior
 10031 | D:7      | Noticed a skeletal warrior
 10032 | D:7      | Noticed a skeletal warrior
 10083 | D:6      | Slain by a skeletal warrior

Illustrated notes

Levels and vault maps discovered:
D:1:      minmay_arrival_doors, layout_loops_cross,
          hellmonk_ecumenical_altar_watching_god, minmay_pentomino_s2
D:2:      layout_basic, chequers_serial_rivers_room_b
D:3:      layout_basic, nicolae_uskayaw_dance_hall, serial_shops,
          nicolae_shop_statue_plus, lightli_sewer_entry_pipes
D:4:      layout_loops_ring, mainiacjoe_overflow_small_starburst, uniq_grinder
D:5:      layout_loops_ring, fedhas_altar_4, kennysheep_generic_room_14
D:6:      layout_rooms, tgw_xom, chequers_temple_overflow_statue_of_worship,
          minmay_temple_entry_overgrown, minmay_misc_feat_rows
D:7:      layout_cave_pods, nicolae_sif_muna_little_library,
          chequers_serial_rivers_micro_e, nicolae_inconvenience_store,
          uniq_pikel, uniq_duvessa, uniq_joseph
Temple:   bh_familiar_temple

Skill      XL: |  1  2  3  4  5  6  7  8  9 10 |
---------------+-------------------------------+-----
Armour         | 4 5 6 7 8 |  8.7
Fighting       | 4 5 6 7 8 |  8.7
Axes           | 3 4 5 6 |  6.9
Shields        | 5 6 7 9 10 | 10.4
Maces & Flails | 3 |  3.0

Action                   |  1- 3 |  4- 6 |  7- 9 | 10-12 || total
-------------------------+-------+-------+-------+-------++-------
Melee: War axe           |    76 |   167 |   171 |       ||   414
       Mace              |       |       |   111 |   117 ||   228
 Abil: Dig               |       |     3 |       |       ||     3
Evoke: Wand              |       |       |       |     8 ||     8
  Use: Scroll            |     1 |     3 |     4 |     3 ||    11
       Potion            |       |     2 |     4 |     5 ||    11
 Stab: Invisible         |       |       |     6 |     2 ||     8
Armor: Scale mail        |    38 |    83 |   128 |    12 ||   261
       Chain mail        |       |       |       |    47 ||    47
       Skin              |       |       |       |     7 ||     7
Dodge: Dodged            |    40 |    86 |   164 |    56 ||   346
Block: Buckler           |    19 |    46 |    74 |    47 ||   186
